 Dungeon Crawl Stone Soup version 0.24.0-13-gcf9b319 (webtiles) character file.

Game seed: 1542895009634506357, levelgen mode: deterministic

127 Balder the Shield-Bearer (level 5, -10/47 HPs)
             Began as a Gnoll Fighter on May 12, 2020.
             Mangled by Crazy Yiuf
             ... wielding a +2 quarterstaff of chaos
              (18 damage)
             ... on level 2 of the Dungeon.
             The game lasted 00:06:27 (1019 turns).

Balder the Shield-Bearer (Gnoll Fighter)            Turns: 1019, Time: 00:06:33

Health: -10/47     AC: 10    Str: 19    XL:     5   Next: 11%
Magic:  6/6        EV:  6    Int: 11    God:
Gold:   106        SH: 10    Dex: 14    Spells: 6/6 levels left

rFire    . . .     SeeInvis .   a - +0 flail
rCold    . . .     Gourm    .   c - +0 shield
rNeg     . . .     Faith    .   i - +0 chain mail
rPois    .         Spirit   .   (no helmet)
rElec    .         Reflect  .   (no cloak)
rCorr    .         Harm     .   (no gloves)
MR       .....                  (no boots)
Stlth    ..........             (no amulet)
HPRegen  0.15/turn              (no ring)
MPRegen  0.10/turn              (no ring)

@: flying, very slightly contaminated, invisible
A: distributed training, fangs 1, strong nose
a: no special abilities


You were on level 2 of the Dungeon.
You were hungry.

You visited 1 branch of the dungeon, and saw 2 of its levels.

You collected 106 gold pieces.

Inventory:

Hand Weapons
 a - a +0 flail (weapon)
Armour
 c - a +0 shield (worn)
 i - a +0 chain mail (worn)
Jewellery
 l - an uncursed ring of ice {unknown}
 p - an uncursed ring of stealth {unknown}
Scrolls
 b - 3 scrolls of identify {unknown}
 e - a scroll of teleportation {unknown}
 g - a scroll of enchant armour {unknown}
 j - 2 scrolls of amnesia {unknown}
 k - a scroll of blinking {unknown}
 q - a scroll of fear {unknown}
Potions
 d - a potion of might
 o - a potion of flight
Comestibles
 f - 3 rations
 h - 8 chunks of flesh


   Skills:
 + Level 6.6 Fighting
 + Level 1.3 Short Blades
 + Level 1.3 Long Blades
 + Level 1.3 Axes
 + Level 4.7 Maces & Flails
 + Level 1.3 Polearms
 + Level 1.3 Staves
 + Level 1.3 Slings
 + Level 1.3 Bows
 + Level 1.3 Crossbows
 + Level 1.3 Throwing
 + Level 6.6 Armour
 + Level 1.3 Dodging
 + Level 1.3 Stealth
 + Level 6.6 Shields
 + Level 1.3 Unarmed Combat
 + Level 1.3 Spellcasting
 + Level 1.0 Conjurations
 + Level 1.0 Hexes
 + Level 1.0 Charms
 + Level 1.0 Summonings
 + Level 1.0 Necromancy
 + Level 1.0 Translocations
 + Level 1.0 Transmutations
 + Level 1.0 Fire Magic
 + Level 1.0 Ice Magic
 + Level 1.0 Air Magic
 + Level 1.0 Earth Magic
 + Level 1.0 Poison Magic
 + Level 1.4 Invocations
 + Level 1.3 Evocations


You had 6 spell levels left.
You didn't know any spells.
Your spell library was empty.

Dungeon Overview and Level Annotations

Branches:
Dungeon (2/15)

Altars:

Annotations:
D:2 Crazy Yiuf


Innate Abilities, Weirdness & Mutations

Your experience applies equally to all skills.
You have very sharp teeth.
Your uncanny sense of smell can sniff out nearby items.


Message History

You block Crazy Yiuf's attack.
You are very lightly contaminated with residual magic.
It was a potion of curing.
You feel better. Crazy Yiuf hits you but does no damage.
You barely miss Crazy Yiuf.
Crazy Yiuf is almost dead.
You block Crazy Yiuf's attack.
You completely miss Crazy Yiuf.
Crazy Yiuf is almost dead.
Crazy Yiuf hits you but does no damage. Crazy Yiuf barely misses you.
You hit Crazy Yiuf but do no damage.
Crazy Yiuf is almost dead.
You block Crazy Yiuf's attack.
You barely miss Crazy Yiuf.
Crazy Yiuf is almost dead.
Crazy Yiuf says, "Hack childish sow!"
Crazy Yiuf hits you with a +2 quarterstaff of chaos.
* * * LOW HITPOINT WARNING * * *
You are electrocuted!!
You die...

.....######.########....####
.....##.....# #..#.....##
...........##
#########.##### .......###.#
#.....# (..........#
♣♣♣♣♣######.. .....###...#
#####♣♣♣.♣....#####.
...........#
#...#♣..♣...........
......###..#
#...g.♣♣♣♣.......... ...#.##
#.## #).@#♣♣ ♣♣.........
.....## #.## #####
♣♣##...... ..#...# #..#
#...... ....#.###..# #......
..###......## #.....<
..####.##...# . ∆ #.......
........#.#.##..# .........
...#.##.#........ #.#.......
##.#............# ..#.######


You could see Crazy Yiuf.

Vanquished Creatures
  Jessica (D:2)
  4 gnolls (D:2)
  2 adders (D:2)
  An ooze (D:2)
  2 worms (D:2)
  A ball python (D:2)
  4 giant cockroaches
  7 goblins (D:1)
  3 hobgoblins
  4 kobolds
  A quokka (D:2)
  2 bats
  A frilled lizard (D:1)
  6 rats
39 creatures vanquished.

Notes
Turn   | Place    | Note
-------+----------+-------------------------------------------
     0 | D:1      | Balder the Gnoll Fighter began the quest for the Orb.
     0 | D:1      | Reached XP level 1. HP: 23/23 MP: 1/1
   123 | D:1      | Reached XP level 2. HP: 17/29 MP: 2/2
   628 | D:2      | Reached XP level 3. HP: 35/35 MP: 3/3
   656 | D:2      | Noticed Jessica
   665 | D:2      | Killed Jessica
   665 | D:2      | Reached skill level 1 in Short Blades
   665 | D:2      | Reached skill level 1 in Long Blades
   665 | D:2      | Reached skill level 1 in Axes
   665 | D:2      | Reached skill level 1 in Polearms
   665 | D:2      | Reached skill level 1 in Staves
   665 | D:2      | Reached skill level 1 in Slings
   665 | D:2      | Reached skill level 1 in Bows
   665 | D:2      | Reached skill level 1 in Crossbows
   665 | D:2      | Reached skill level 1 in Throwing
   665 | D:2      | Reached skill level 1 in Dodging
   665 | D:2      | Reached skill level 1 in Stealth
   665 | D:2      | Reached skill level 1 in Unarmed Combat
   665 | D:2      | Reached skill level 1 in Spellcasting
   665 | D:2      | Reached skill level 1 in Invocations
   665 | D:2      | Reached skill level 1 in Evocations
   684 | D:2      | Reached XP level 4. HP: 37/41 MP: 5/5
   774 | D:2      | Reached skill level 1 in Conjurations
   774 | D:2      | Reached skill level 1 in Hexes
   774 | D:2      | Reached skill level 1 in Charms
   774 | D:2      | Reached skill level 1 in Summonings
   774 | D:2      | Reached skill level 1 in Necromancy
   774 | D:2      | Reached skill level 1 in Translocations
   774 | D:2      | Reached skill level 1 in Transmutations
   774 | D:2      | Reached skill level 1 in Fire Magic
   774 | D:2      | Reached skill level 1 in Ice Magic
   774 | D:2      | Reached skill level 1 in Air Magic
   774 | D:2      | Reached skill level 1 in Earth Magic
   774 | D:2      | Reached skill level 1 in Poison Magic
   893 | D:2      | Reached XP level 5. HP: 47/47 MP: 6/6
   990 | D:2      | Found a runed translucent door.
   993 | D:2      | Noticed Crazy Yiuf
  1019 | D:2      | Mangled by Crazy Yiuf

Levels and vault maps discovered:
D:1:      minmay_arrival_cross, layout_basic
D:2:      layout_rooms, corexii_corridor_pit, minmay_cut_off, uniq_jessica,
          uniq_crazy_yiuf_cottage

Skill      XL: |  1  2  3  4 |
---------------+-------------+-----
Short Blades   | 1 |  1.3
Long Blades    | 1 |  1.3
Axes           | 1 |  1.3
Polearms       | 1 |  1.3
Staves         | 1 |  1.3
Slings         | 1 |  1.3
Bows           | 1 |  1.3
Crossbows      | 1 |  1.3
Throwing       | 1 |  1.3
Dodging        | 1 |  1.3
Stealth        | 1 |  1.3
Unarmed Combat | 1 |  1.3
Spellcasting   | 1 |  1.3
Invocations    | 1 |  1.4
Evocations     | 1 |  1.3
Conjurations   | 1 |  1.0
Hexes          | 1 |  1.0
Charms         | 1 |  1.0
Summonings     | 1 |  1.0
Necromancy     | 1 |  1.0
Translocations | 1 |  1.0
Transmutations | 1 |  1.0
Fire Magic     | 1 |  1.0
Ice Magic      | 1 |  1.0
Air Magic      | 1 |  1.0
Earth Magic    | 1 |  1.0
Poison Magic   | 1 |  1.0
Fighting       | |  6.6
Maces & Flails | |  4.7
Armour         | |  6.6
Shields        | |  6.6

Action                   |  1- 3 |  4- 6 || total
-------------------------+-------+-------++-------
Melee: Flail             |    70 |    53 ||   123
       Bite              |    13 |     6 ||    19
  Use: Potion            |       |     4 ||     4
Armor: Scale mail        |    24 |       ||    24
       Chain mail        |     5 |    15 ||    20
Dodge: Dodged            |    17 |    10 ||    27
Block: Shield            |    41 |    23 ||    64
